 Dungeon Sprint DCSS version 0.22-a0-247-gbddf880 (webtiles) character file.

68067 emperorscorpion the Sensei (level 14, 0/169 HPs)
             Began as a Yellow Draconian Transmuter on Feb 25, 2018.
             Was the Champion of Sif Muna.
             Slain by an emperor scorpion (2 damage)
             ... in the Dungeon (Sprint IX: "|||||||||||||||||||||||||||||").
             The game lasted 00:45:02 (6091 turns).

emperorscorpion the Sensei (DrTm)                   Turns: 6091, Time: 00:45:02

Health: 0/169      AC: 25    Str: 22    XL:     14   Next: 85%
Magic:  1/38       EV: 13    Int: 18    God:    Sif Muna [******]
Gold:   197        SH:  0    Dex: 13    Spells: 7/53 levels left

rFire    . . .     SeeInvis .     - Unarmed
rCold    + . .     Gourm    .   (shield currently unavailable)
rNeg     + . .     Faith    +   (armour unavailable)
rPois    +         Spirit   .   (helmet currently unavailable)
rElec    +         Reflect  .   (cloak currently unavailable)
rCorr    +         Harm     .   (gloves currently unavailable)
MR       +....     NoTele   +   (boots currently unavailable)
Stlth    ++........             z - amulet of faith
HPRegen  0.38/turn              y - ring of Moderation {rElec rC+ rN+ AC+2 Stlth+}
MPRegen  0.26/turn              x - +5 ring of protection

@: lethally poisoned (0 -> -27), dragon-form, flying
A: giant, spit acid, acid resistance, unfitting armour, acidic bite, AC +8
a: Breathe Acid, End Transformation, Divine Energy, Channel Magic, Forget Spell,
Renounce Religion


You were in the Dungeon.
You worshipped Sif Muna.
Sif Muna was exalted by your worship.
You were not hungry.
You were a fearsome dragon!
You visited 1 branch You collected 1926 gold pieces.
You spent 1729 gold pieces at shops.

Inventory:

Missiles
 m - 91 arrows
 w - 7 javelins (quivered)
Armour
 n - a +0 cloak (melded)
 u - a +0 pair of gloves of archery (melded)
 v - a +0 cloak
Magical Staves
 a - an uncursed staff of energy (melded) {!a}
Jewellery
 o - a +2 ring of evasion
 p - a +3 ring of strength
 t - an uncursed ring of fire
 x - a +5 ring of protection (right foreclaw)
 y - the ring of Moderation (left foreclaw) {rElec rC+ rN+ AC+2 Stlth+}
   (You bought it in a shop in the Dungeon)

   [ring of protection]

   It affects your AC (+2).
   It protects you from cold.
   It insulates you from electricity.
   It protects you from negative energy.
   It makes you more stealthy.
 z - an amulet of faith (around neck)
 A - an uncursed ring of protection from fire
 B - an uncursed ring of fire
 C - an uncursed ring of poison resistance
 I - a +4 ring of evasion
 J - a +6 ring of dexterity
 K - a +6 ring of dexterity
 L - a +2 ring of slaying
 M - a +4 ring of protection
Wands
 l - a wand of acid (8)
 H - a wand of paralysis (13)
Scrolls
 h - 5 scrolls of blinking
 j - 8 scrolls of remove curse
 k - 2 scrolls of amnesia
 r - 2 scrolls of fog
 s - 3 scrolls of identify
 F - 2 scrolls of enchant weapon
 N - 3 scrolls of fear
Potions
 c - 5 potions of curing
 d - 11 potions of heal wounds
 e - 2 potions of haste
 f - 5 potions of magic
 g - a potion of invisibility
 i - a potion of resistance
 D - 2 potions of brilliance
 E - 4 potions of might
Comestibles
 b - 8 rations


   Skills:
 - Level 7.2 Fighting
 - Level 14.7 Dodging
 - Level 22.5 Unarmed Combat
 - Level 20.1 Spellcasting
 - Level 4.7 Charms
 + Level 4.8 Summonings
 - Level 11.1 Necromancy
 - Level 16.9 Transmutations


You had 7 spell levels left.
You knew the following spells:

 Your Spells              Type           Power        Failure   Level  Hunger
a - Beastly Appendage     Tmut           ######       0%          1    None
b - Blink                 Tloc           N/A          4%          2    None
c - Death Channel         Necr           ######....   4%          6    ####...
d - Dragon Form           Tmut           ######....   2%          7    ######.
e - Dragon's Call         Summ           #####.....   100%        9    #######
h - Blade Hands           Tmut           ######....   1%          5    ##.....
i - Ice Form              Ice/Tmut       #####...     1%          4    None
r - Regeneration          Chrm/Necr      #####.....   1%          3    None
s - Spider Form           Tmut/Pois      #####.....   1%          3    None
A - Animate Dead          Necr           N/A          1%          4    None
S - Sticks to Snakes      Tmut           ######..     0%          2    None


Dungeon Overview and Level Annotations

Branches:
Dungeon (1/1)

Altars:
Cheibriados
Dithmenos
Elyvilon
Fedhas
Gozag
Hepliaklqana
Kikubaaqudgha
Makhleb
Nemelex Xobeh
Okawaru
Qazlal
Ru
Sif Muna
Trog
Uskayaw
Vehumet
Wu Jian
Xom
Yredelemnul
Zin
The Shining One
Beogh
Jiyva
Lugonu

Shops:
D ==[=


Innate Abilities, Weirdness & Mutations

You can spit globs of acid.
You are resistant to acid.
Your golden yellow scales are hard. (AC +8)
You cannot fit into any form of body armour.
You have acidic saliva.
((You are cold-blooded and may be slowed by cold attacks.))


Message History

The emperor scorpion is moderately wounded.
The emperor scorpion stings you!!
* * * LOW HITPOINT WARNING * * *
The emperor scorpion claws you but does no damage.
The emperor scorpion completely misses you.
You feel you are being watched by something.
Casting: Dragon Form (safe; 2% risk of failure)
Confirm with . or Enter, or press ? or * to list all spells.
You don't know that spell.
A wolf spider comes into view.
You feel you are being watched by something.
The emperor scorpion closely misses you.
The emperor scorpion claws you!
* * * LOW HITPOINT WARNING * * *
The emperor scorpion claws you but does no damage.
The emperor scorpion stings you!
* * * LOW HITPOINT WARNING * * *
You are lethally poisoned!
The emperor scorpion poisons you! The emperor scorpion claws you.
You die...

▓▓▓▓▓▓▓▓▓▓▓▓▓▓▓▓▓▓
▓...▓...▓...▓...▓.
▓.▓.▓.▓.▓.▓.▓.▓.▓.
▓.▓.▓.▓.▓.▓.▓.▓.▓.
▓D▓.▓.▓.▓.▓.▓.▓.▓.
▓s▓.▓.▓.▓.▓.▓.▓.▓.
▓s▓.▓.▓.▓.▓.▓.▓.▓.
▓s▓.▓.▓.▓(▓)▓.▓.▓.
▓:▓.▓.▓.▓)▓.▓.▓.▓.
▓y▓.▓.▓.▓.▓.▓.▓.▓.
▓.▓.▓.▓.▓.▓.▓.▓.▓'
▓.▓.▓.▓.▓.▓.▓.▓.▓.
▓.▓.▓.▓.▓.▓.▓.▓.▓.


You could see 3 emperor scorpions and a moth of wrath.

Vanquished Creatures
  Mennas (D)
  Xtahua (D)
  Kirke (D)
  Donald (D)
  A storm dragon (D)
  A vault warden (D)
  2 emperor scorpions (D)
  2 very ugly things (D)
  7 stone giants (D)
  An ironheart preserver (D)
  2 yaktaur captains (D)
  A fire dragon (D)
  3 ettins (D)
  An ice dragon (D)
  2 centaur warriors (D)
  A ghost crab (D)
  5 ogre magi (D)
  A deep troll shaman (D)
  A tengu warrior (D)
  Urug (D)
  3 deep troll earth magi (D)
  2 naga sharpshooters (D)
  An orc high priest (D)
  A deep elf knight (D)
  A sea snake (D)
  3 unseen horrors (D)
  5 deep trolls (D)
  2 wizards (D)
  2 swamp dragons (D)
  An ironbrand convoker (D)
  A naga ritualist (D)
  2 orc knights (D)
  A deep elf archer (D)
  A harpy (D)
  A mana viper (shapeshifter) (D)
  A necromancer (D)
  4 ugly things (D)
  2 wolf spiders (D)
  An orb spider (D)
  A mana viper (D)
  2 manticores (D)
  Maurice (D)
  2 vault sentinels (D)
  2 black mambas (D)
  A naga mage (D)
  2 spiny frogs (D)
  A torpor snail (D)
  A rime drake (D)
  A freezing wraith (D)
  2 demonic crawlers (D)
  A yaktaur (D)
  3 trolls (D)
  2 jumping spiders (D)
  2 polar bears (D)
  A polar bear (shapeshifter) (D)
  2 merfolk (D)
  A hornet (D)
  A snapping turtle (D)
  A slime creature (D)
  3 hippogriffs (D)
  A spriggan (D)
  3 yaks (D)
  A water elemental (D)
  A hog (D)
  2 nagas (D)
  4 water moccasins (D)
  7 black bears (D)
  4 porcupines (D)
  10 orc warriors (D)
  A boggart (D)
  2 centaurs (D)
  A crocodile (D)
  4 bullfrogs (D)
  A killer bee (D)
  A crimson imp (D)
  A hound (D)
  An orc priest (D)
  3 orc wizards (D)
  A worker ant (D)
  An adder (D)
  An adder zombie (D)
  A dart slug (D)
  11 orcs (D)
  A bat zombie (D)
  A goblin (D)
  A jackal (D)
  A kobold (D)
  A ball python skeleton (D)
  2 rats (D)
174 creatures vanquished.

Vanquished Creatures (collateral kills)
  A stone giant (D)
  A shock serpent (D)
  A sea snake (D)
  A harpy (D)
  2 jumping spiders (D)
  A wraith (D)
  An orc warrior (D)
8 creatures vanquished.

Vanquished Creatures (others)
  2 hydras (D)
  A hornet (D)
  A slime creature (D)
4 creatures vanquished.

Grand Total: 186 creatures vanquished

Notes
Turn   | Place    | Note
-------+----------+-------------------------------------------
     0 | D        | emperorscorpion the Draconian Transmuter began the quest for the Orb.
     0 | D        | Reached XP level 1. HP: 16/16 MP: 3/3
    13 | D        | Reached skill level 4 in Unarmed Combat
    35 | D        | Noticed a water moccasin
    35 | D        | Noticed a worker ant
    38 | D        | Reached XP level 2. HP: 15/23 MP: 2/5
    44 | D        | Killed a water moccasin
    44 | D        | Reached skill level 7 in Unarmed Combat
    44 | D        | Reached XP level 3. HP: 17/28 MP: 2/8
    44 | D        | Reached XP level 4. HP: 21/35 MP: 2/10
    50 | D        | Reached XP level 5. HP: 20/46 MP: 3/11
    58 | D        | Found a roughly hewn altar of Beogh.
    58 | D        | Found a snail-covered altar of Cheibriados.
    58 | D        | Found a shadowy altar of Dithmenos.
    58 | D        | Found a white marble altar of Elyvilon.
    58 | D        | Found a blossoming altar of Fedhas.
    58 | D        | Found an opulent altar of Gozag.
    59 | D        | Found a hazy altar of Hepliaklqana.
    60 | D        | Found a viscous altar of Jiyva.
    61 | D        | Found an ancient bone altar of Kikubaaqudgha.
    62 | D        | Found a corrupted altar of Lugonu.
    63 | D        | Found a burning altar of Makhleb.
    64 | D        | Found a sparkling altar of Nemelex Xobeh.
    65 | D        | Found an iron altar of Okawaru.
    66 | D        | Found a stormy altar of Qazlal.
    67 | D        | Found a sacrificial altar of Ru.
    68 | D        | Found a deep blue altar of Sif Muna.
    69 | D        | Found a bloodstained altar of Trog.
    70 | D        | Found a hide-covered altar of Uskayaw.
    71 | D        | Found a radiant altar of Vehumet.
    72 | D        | Found an ornate altar of the Wu Jian Council.
    73 | D        | Found a shimmering altar of Xom.
    74 | D        | Found a basalt altar of Yredelemnul.
    75 | D        | Found a glowing silver altar of Zin.
    76 | D        | Became a worshipper of Sif Muna the Loreminder
    77 | D        | Found a glowing golden altar of the Shining One.
   109 | D        | Learned a level 3 spell: Spider Form
   114 | D        | Learned a level 4 spell: Ice Form
   277 | D        | Noticed a hippogriff
   280 | D        | Reached skill level 8 in Unarmed Combat
   286 | D        | Killed a hippogriff
   286 | D        | Reached * piety under Sif Muna
   286 | D        | Reached skill level 10 in Unarmed Combat
   286 | D        | Reached skill level 5 in Spellcasting
   286 | D        | Reached skill level 5 in Transmutations
   286 | D        | Reached XP level 6. HP: 37/52 MP: 10/14
   383 | D        | Learned a level 2 spell: Sticks to Snakes
   389 | D        | Noticed a centaur warrior
   389 | D        | Noticed a yak
   393 | D        | Reached skill level 5 in Dodging
   393 | D        | Reached skill level 11 in Unarmed Combat
   393 | D        | Your scales start taking on a golden yellow colour.
   393 | D        | Reached XP level 7. HP: 53/59 MP: 5/15
   397 | D        | Reached ** piety under Sif Muna
   406 | D        | Killed a centaur warrior
   406 | D        | Reached skill level 13 in Unarmed Combat
   406 | D        | Reached XP level 8. HP: 48/66 MP: 6/18
   413 | D        | Killed an unseen horror
   413 | D        | Reached *** piety under Sif Muna
   413 | D        | Reached skill level 14 in Unarmed Combat
   453 | D        | Learned a level 5 spell: Blade Hands
   762 | D        | Noticed a spiny frog
   765 | D        | Reached XP level 9. HP: 53/72 MP: 14/20
   771 | D        | Killed a spiny frog
   771 | D        | Reached **** piety under Sif Muna
   771 | D        | Reached skill level 15 in Unarmed Combat
   949 | D        | Noticed a black mamba
   949 | D        | Noticed a rime drake
   952 | D        | Killed a black mamba
   956 | D        | Reached skill level 16 in Unarmed Combat
   958 | D        | Noticed a torpor snail
   960 | D        | Reached ***** piety under Sif Muna
   964 | D        | Killed a rime drake
   964 | D        | Identified Sif Muna's Reference Book on Conjuration (Sif Muna gifted it to you in the Dungeon)
   964 | D        | Received a gift from Sif Muna
   964 | D        | Reached XP level 10. HP: 31/80 MP: 18/23
   966 | D        | Killed a torpor snail
  1192 | D        | Reached skill level 17 in Unarmed Combat
  1200 | D        | Reached skill level 10 in Spellcasting
  1280 | D        | Noticed Urug
  1318 | D        | Killed Urug
  1318 | D        | Reached skill level 10 in Transmutations
  1410 | D        | Identified Sif Muna's Spellweaving, Part Four (Sif Muna gifted it to you in the Dungeon)
  1410 | D        | Received a gift from Sif Muna
  1414 | D        | Noticed an orc high priest
  1418 | D        | Noticed a sun demon
  1430 | D        | Killed an orc high priest
  1430 | D        | Reached skill level 5 in Fighting
  1477 | D        | Learned a level 4 spell: Animate Dead
  1582 | D        | Noticed an orc knight
  1586 | D        | Reached skill level 18 in Unarmed Combat
  1590 | D        | Killed an orc knight
  1590 | D        | Reached skill level 1 in Necromancy
  2065 | D        | Reached XP level 11. HP: 68/86 MP: 25/25
  2162 | D        | Received a gift from Sif Muna
  2167 | D        | Learned a level 2 spell: Blink
  2311 | D        | Found Jocwor's Jewellery Emporium.
  2311 | D        | Noticed an ogre mage
  2311 | D        | Noticed a stone giant
  2311 | D        | Noticed an ogre mage
  2311 | D        | Noticed a deep troll
  2311 | D        | Noticed an ettin
  2319 | D        | Killed a stone giant
  2320 | D        | Noticed a deep troll
  2321 | D        | Killed an ogre mage
  2322 | D        | Found Pilunuy's Jewellery Shoppe.
  2325 | D        | Killed an ogre mage
  2705 | D        | Killed a deep troll
  2705 | D        | Reached skill level 5 in Necromancy
  2737 | D        | Killed an ettin
  3031 | D        | Killed a deep troll
  3031 | D        | Reached skill level 10 in Dodging
  3098 | D        | Identified Sif Muna's Papyrus of the Voyage and Talismans (Sif Muna gifted it to you in the Dungeon)
  3098 | D        | Received a gift from Sif Muna
  3104 | D        | Learned a level 3 spell: Regeneration
  3164 | D        | Reached skill level 19 in Unarmed Combat
  3216 | D        | Found Jiwuh's Armour Emporium.
  3220 | D        | Found Dudetzy's Jewellery Shoppe.
  3223 | D        | Noticed a deep troll
  3224 | D        | Noticed a deep troll
  3275 | D        | Killed a deep troll
  3275 | D        | Reached skill level 1 in Charms
  3335 | D        | Noticed a deep troll
  3339 | D        | Killed a deep troll
  3345 | D        | Killed a deep troll
  3397 | D        | Noticed an ogre mage
  3403 | D        | Killed an ogre mage
  3475 | D        | Bought a +5 ring of protection for 715 gold pieces
  3475 | D        | Bought the ring of Moderation {rElec rC+ rN+ AC+2 Stlth+} for 494 gold pieces
  3483 | D        | Bought an uncursed amulet of faith for 520 gold pieces
  3628 | D        | Noticed a wizard
  3628 | D        | Identified Sif Muna's Incunabulum of Unholy Rituals (Sif Muna gifted it to you in the Dungeon)
  3628 | D        | Received a gift from Sif Muna
  3631 | D        | Noticed a deep troll earth mage
  3635 | D        | Noticed a mana viper
  3635 | D        | a rime drake changed into a mana viper
  3637 | D        | Reached XP level 12. HP: 88/94 MP: 24/28
  3638 | D        | Noticed a deep troll earth mage
  3643 | D        | Noticed a stone giant
  3646 | D        | Noticed a stone giant
  3656 | D        | Killed a deep troll earth mage
  3656 | D        | Reached ****** piety under Sif Muna
  3658 | D        | Noticed a stone giant
  3864 | D        | Killed a deep troll earth mage
  3902 | D        | Killed a stone giant
  3902 | D        | Identified Sif Muna's Grimoire of Shifting Unholy Rituals (Sif Muna gifted it to you in the Dungeon)
  3902 | D        | Received a gift from Sif Muna
  3913 | D        | Learned a level 7 spell: Dragon Form
  4124 | D        | Killed a stone giant
  4156 | D        | Killed a stone giant
  4169 | D        | Noticed a deep troll earth mage
  4176 | D        | Killed a deep troll earth mage
  4176 | D        | Received a gift from Sif Muna
  4239 | D        | Noticed Maurice
  4240 | D        | Paralysed by Maurice for 4 turns
  4246 | D        | Killed Maurice
  4305 | D        | Noticed a ghost crab
  4305 | D        | Noticed a five-headed hydra
  4310 | D        | Noticed an eight-headed hydra
  4314 | D        | Killed a five-headed hydra
  4316 | D        | Killed an eight-headed hydra
  4321 | D        | Killed a ghost crab
  4339 | D        | Noticed an emperor scorpion
  4340 | D        | Paralysed by a hornet for 1 turns
  4345 | D        | Killed an emperor scorpion
  4345 | D        | Identified Sif Muna's Catalogue of Evil Rites and Shape Shifting (Sif Muna gifted it to you in the Dungeon)
  4345 | D        | Received a gift from Sif Muna
  4345 | D        | Reached skill level 20 in Unarmed Combat
  4345 | D        | Reached skill level 15 in Spellcasting
  4357 | D        | Reached XP level 13. HP: 102/102 MP: 18/32
  4377 | D        | Identified Niasunga's Incunabulum of Hurtful Aid (Sif Muna gifted it to you in the Dungeon)
  4377 | D        | Received a gift from Sif Muna
  4434 | D        | Identified Cigotuvi's Compendium of Evil Arts and Transformation (Sif Muna gifted it to you in the Dungeon)
  4434 | D        | Received a gift from Sif Muna
  4446 | D        | Learned a level 6 spell: Death Channel
  4648 | D        | Noticed Kirke
  4654 | D        | Killed Kirke
  4728 | D        | Noticed an ettin
  4728 | D        | Noticed a stone giant
  4728 | D        | Noticed a purple very ugly thing
  4729 | D        | Killed an ettin
  4730 | D        | Noticed a stone giant
  4732 | D        | Killed a stone giant
  4732 | D        | Identified Rurokhack's Guide on Fiery Calling (Sif Muna gifted it to you in the Dungeon)
  4732 | D        | Received a gift from Sif Muna
  4736 | D        | Killed a purple very ugly thing
  4736 | D        | Reached skill level 21 in Unarmed Combat
  4740 | D        | Noticed an ettin
  4742 | D        | Noticed a fire dragon
  4747 | D        | Noticed a storm dragon
  4747 | D        | Killed a stone giant
  4753 | D        | Killed an ettin
  4753 | D        | Received a gift from Sif Muna
  4757 | D        | Noticed a stone giant
  4760 | D        | Killed a storm dragon
  4763 | D        | Killed a fire dragon
  4769 | D        | Reached skill level 15 in Transmutations
  4981 | D        | Killed a stone giant
  4981 | D        | Reached skill level 10 in Necromancy
  5001 | D        | Noticed a cyan very ugly thing
  5002 | D        | Noticed a stone giant
  5005 | D        | Killed a cyan very ugly thing
  5005 | D        | Identified Sif Muna's Collected Works on Icy Flames (Sif Muna gifted it to you in the Dungeon)
  5005 | D        | Received a gift from Sif Muna
  5005 | D        | Gained mutation: You have acidic saliva. [Yellow Draconian growth]
  5005 | D        | Reached XP level 14. HP: 111/111 MP: 35/35
  5019 | D        | Killed a stone giant
  5054 | D        | Noticed a vault warden
  5064 | D        | Received a gift from Sif Muna
  5069 | D        | Killed a vault warden
  5085 | D        | Noticed an ironheart preserver
  5091 | D        | Received a gift from Sif Muna
  5095 | D        | Killed an ironheart preserver
  5095 | D        | Reached skill level 22 in Unarmed Combat
  5111 | D        | Identified Sif Muna's Volume of the Mountains and Execration (Sif Muna gifted it to you in the Dungeon)
  5111 | D        | Received a gift from Sif Muna
  5231 | D        | Noticed Xtahua
  5250 | D        | Killed Xtahua
  5369 | D        | Noticed Donald
  5386 | D        | Killed Donald
  5557 | D        | Noticed Mennas
  5969 | D        | Killed Mennas
  5969 | D        | Identified Sif Muna's Volume of Sinister Secrets and Beguiling (Sif Muna gifted it to you in the Dungeon)
  5969 | D        | Received a gift from Sif Muna
  6070 | D        | Learned a level 9 spell: Dragon's Call
  6071 | D        | Noticed an emperor scorpion
  6071 | D        | Noticed an emperor scorpion
  6071 | D        | Noticed an emperor scorpion
  6071 | D        | Noticed an emperor scorpion
  6074 | D        | Reached skill level 1 in Summonings
  6080 | D        | Killed an emperor scorpion
  6080 | D        | Identified Sif Muna's Guide on Darkness and Transmigration (Sif Muna gifted it to you in the Dungeon)
  6080 | D        | Received a gift from Sif Muna
  6091 | D        | HP: 2/169 [emperor scorpion (15)]
  6091 | D        | Slain by an emperor scorpion

Vault maps used:
D:        linesprint

Skill      XL: |  1  2  3  4  5  6  7  8  9 10 11 12 13 14 |
---------------+-------------------------------------------+-----
Dodging        | 2 3 4 5 6 7 8 10 12 13 14 | 14.7
Unarmed Combat | 4 7 10 11 13 14 16 18 19 20 21 22 | 22.5
Spellcasting   | 4 5 7 9 10 12 15 17 20 | 20.1
Transmutations | 3 5 7 8 9 10 11 13 15 16 | 16.9
Fighting       | 4 5 6 7 |  7.2
Necromancy     | 2 6 8 10 11 | 11.1
Charms         | 3 4 |  4.7
Summonings     | 4 |  4.8

Action                   |  1- 3 |  4- 6 |  7- 9 | 10-12 | 13-15 || total
-------------------------+-------+-------+-------+-------+-------++-------
Melee: Unarmed           |    19 |    25 |    62 |   234 |   176 ||   516
       Tailslap          |     2 |     1 |     3 |    19 |    31 ||    56
       Kick              |     4 |     1 |       |       |       ||     5
       Punch             |       |       |       |    11 |     9 ||    20
       Bite              |       |       |       |     2 |    16 ||    18
 Cast: Beastly Appendage |     2 |       |       |       |       ||     2
       Spider Form       |       |     2 |     1 |    10 |       ||    13
       Sticks to Snakes  |       |     2 |       |    16 |     6 ||    24
       Blade Hands       |       |       |     3 |    12 |       ||    15
       Regeneration      |       |       |       |    16 |    14 ||    30
       Blink             |       |       |       |     9 |     3 ||    12
       Dragon Form       |       |       |       |     3 |    13 ||    16
       Animate Dead      |       |       |       |     1 |     4 ||     5
       Death Channel     |       |       |       |       |     4 ||     4
       Ice Form          |       |       |       |       |     2 ||     2
 Abil: Breathe Acid      |       |       |     1 |     9 |     2 ||    12
       End Transformatio |       |       |       |     2 |       ||     2
Evoke: Wand              |       |       |       |       |     2 ||     2
  Use: Potion            |     1 |       |     1 |       |     5 ||     7
       Scroll            |       |       |       |       |     1 ||     1
  Eat: Chunk             |       |       |     1 |    12 |     5 ||    18
       Ration            |       |       |       |     1 |     2 ||     3
Armor: Skin              |     3 |       |     4 |    40 |    89 ||   136
Dodge: Dodged            |     8 |    25 |    42 |   160 |    53 ||   288

Table legend:
 A = Spawn XP
 B = Non-spawn XP
 C = Spawn XP percentage of total XP
 D = Spawn monster count
 E = Non-spawn monster count
 F = Spawn count percentage of total count
 G = Total turns spent on level
                    A         B        C        D         E        F      G
               +---------+---------+-------+---------+---------+-------+---------
         Total |       0 |   97239 |   0.0 |       0 |     183 |   0.0 |  6091
               +---------+---------+-------+---------+---------+-------+---------
             D |       0 |   97239 |   0.0 |       0 |     183 |   0.0 |  6091
               +---------+---------+-------+---------+---------+-------+---------
